 Dungeon Crawl Stone Soup version 0.31-a0-1469-gd420192249 (webtiles) character file.

Game seed: 8024933567847303363

144960 Pooter the Severer (level 16, -9/154 HPs)
             Began as a Minotaur Monk on Dec 28, 2023.
             Was a High Priest of Okawaru.
             Killed from afar by a shock serpent (14 damage)
             ... with a bolt of electricity
             ... on level 2 of the Snake Pit on Dec 29, 2023.
             The game lasted 02:41:12 (47370 turns).

Pooter the Severer (Minotaur Monk)                 Turns: 47370, Time: 02:41:12

Health: -9/154     AC: 23    Str: 19    XL:     16   Next: 86%
Magic:  19/21      EV: 11    Int: 14    God:    Okawaru [*****.]
Gold:   636        SH:  0    Dex: 11    Spells: 15/15 levels left

rFire   . . .        a - +5 battleaxe (heavy)
rCold   . . .        (shield currently unavailable)
rNeg    . . .        W - +1 chain mail {rPois}
rPois   +            R - +2 hat {Stlth+}
rElec   .            B - -2 cloak of Macaroni {Str-2 Int+7 Dex-5 Slay+6 Stlth+}
rCorr   .            k - +1 pair of gloves
SInv    .            (no boots)
Will    +....        N - amulet of regeneration
Stlth   ++           A - +4 ring of protection
HPRegen 1.25/turn    P - ring of poison resistance
MPRegen 0.17/turn

%: no passive effects
@: heroic
A: horns 2, retaliatory headbutt
a: Renounce Religion, Heroism, Finesse, Duel


You were on level 2 of the Snake Pit.
You worshipped Okawaru.
Okawaru was extremely pleased with you.
You visited 6 branches of the dungeon, and saw 27 of its levels.
You also visited: Ossuary and Gauntlet.

You collected 2638 gold pieces.
You spent 2002 gold pieces at shops.

Inventory:

Hand Weapons
 a - a +5 heavy battleaxe (weapon)
   (You took it off an orc warrior on level 9 of the Dungeon)
 b - the +8 arbalest of Currency {penet, Str+6 Int+3}
   (You bought it in a shop on level 2 of the Orcish Mines)

   Str+6:     It affects your strength (+6).
   Int+3:     It affects your intelligence (+3).
 e - a +6 heavy trident
   (You took it off Louise on level 14 of the Dungeon)
 V - a +0 eveningstar
   (You found it on level 11 of the Dungeon)
Missiles
 g - 33 boomerangs (quivered)
 o - 2 silver javelins
 p - a dart of dispersal {!f}
 r - 16 javelins
 J - 2 datura-tipped darts
 X - 9 curare-tipped darts
Armour
 k - a +1 pair of gloves (worn)
   (You found it on level 2 of the Dungeon)
 l - a +3 chain mail of positive energy
   (You took it off Terence on level 2 of the Dungeon)
 B - the -2 cloak of Macaroni (worn) {Str-2 Int+7 Dex-5 Slay+6 Stlth+}
   (Okawaru gifted it to you on level 5 of the Lair of Beasts)

   Str-2:     It affects your strength (-2).
   Int+7:     It affects your intelligence (+7).
   Dex-5:     It affects your dexterity (-5).
   Slay+6:    It affects your accuracy & damage with ranged weapons and melee
   (+6).
   Stlth+:    It makes you more stealthy.
 G - +0 fire dragon scales
   (You found it on level 5 of the Lair of Beasts)
 R - a +2 hat of stealth (worn)
   (You found it on level 8 of the Dungeon)
 W - a +1 chain mail of poison resistance (worn)
   (You took it off an orc warrior on level 2 of the Orcish Mines)
 Z - a scarf of resistance
   (You found it on level 8 of the Dungeon)
Jewellery
 j - an amulet of reflection
   (You found it on level 13 of the Dungeon)
 q - a ring of willpower
   (You found it on level 3 of the Dungeon)
 A - a +4 ring of protection (left hand)
   (You bought it in a shop on level 10 of the Dungeon)
 C - a ring of resist corrosion
   (You found it on level 3 of the Lair of Beasts)
 F - a ring of protection from fire
   (You found it on level 9 of the Dungeon)
 N - an amulet of regeneration (around neck)
   (You took it off an orc on level 8 of the Dungeon)
 P - a ring of poison resistance (right hand)
   (You bought it in a shop on level 1 of the Snake Pit)
 S - a ring of see invisible
   (You found it on level 8 of the Dungeon)
Wands
 d - a wand of iceblast (2)
   (You found it on level 3 of the Lair of Beasts)
 f - a wand of flame (55)
   (You took it off Maggie on level 7 of the Dungeon)
 u - a wand of paralysis (21)
   (You took it off Maurice on level 7 of the Dungeon)
 y - a wand of mindburst (7)
   (You found it on level 6 of the Dungeon)
 M - a wand of polymorph (26)
   (You took it off an orc on level 8 of the Dungeon)
 Y - a wand of quicksilver (7)
   (You found it on level 9 of the Dungeon)
Scrolls
 i - 4 scrolls of immolation {!r}
 t - 5 scrolls of teleportation {@r4}
 w - 4 scrolls of noise {!r}
 H - a scroll of silence
 I - 7 scrolls of fog
 K - 2 scrolls of revelation
 Q - 4 scrolls of vulnerability {!r}
 U - a scroll of blinking
Potions
 c - 2 potions of ambrosia
 h - 2 potions of invisibility
 m - 4 potions of mutation {!q}
 n - 4 potions of haste {@q3}
 s - 17 potions of curing {@q1}
 v - 6 potions of enlightenment
 x - 5 potions of heal wounds {@q2}
 z - 4 potions of cancellation
 D - 11 potions of might
 E - 3 potions of attraction {!q}
 L - a potion of berserk rage
 O - a potion of lignification {!q}
 T - a potion of resistance


   Skills:
 + Level 16.8(21.8) Fighting
 - Level 19.9(25.0) Axes
 - Level 1.2(18.1) Polearms
 + Level 17.9(22.9) Ranged Weapons
 + Level 4.5(9.5) Throwing
 * Level 10.6(15.6) Armour
 - Level 3.2(8.2) Dodging
 - Level 1.1 Necromancy
 - Level 8.1 Invocations
 + Level 7.3 Evocations


You had 15 spell levels left.
You didn't know any spells.
Your spell library contained the following spells:

 Spells                   Type           Power      Damage    Failure   Level
 Kiss of Death            Conj/Necr      4%         2d5       71%         1
 Jinxbite                 Hex            0%         N/A       89%         2
 Fugue of the Fallen      Necr           3%         N/A       94%         3
 Confusing Touch          Hex            0%         N/A       98%         3
 Hailstorm                Conj/Ice       0%         3d5       98%         3
 Ozocubu's Armour         Ice            0%         N/A       98%         3
 Stone Arrow              Conj/Erth      0%         3d7       98%         3
 Dispel Undead            Necr           3%         3d7       100%        4
 Manifold Assault         Tloc           0%         N/A       100%        4
 Arcjolt                  Conj/Air       0%         1d10      100%        5
 Freezing Cloud           Conj/Ice/Air   0%         6-21      100%        5
 Yara's Violent Unravell  Hex/Alch       0%         3d3       100%        5
 Starburst                Conj/Fire      0%         6d3       100%        6
 Enfeeble                 Hex            0%         N/A       100%        7
 Summon Ice Beast         Ice/Summ       Unusable   N/A       N/A         3
 Sculpt Simulacrum        Ice/Alch       Unusable   N/A       N/A         6

Dungeon Overview and Level Annotations

Branches:
Dungeon (15/15) Zot: 24724  Temple (1/1) D:6 Zot: 5906    Lair (5/5) D:11 Zot: 16413
 Shoals (0/4) Lair:2        Snake (3/4) Lair:2 Zot: 13161   Slime (0/5) Lair:5
    Orc (2/2) D:12 Zot: 6848     Elf (1/3) Orc:2 Zot: 5986  Vaults (0/5) D:13
 Depths (0/4) D:15        Ossuary (visited)         Gauntlet (visited)

Altars:
Ashenzari
Cheibriados
Dithmenos
Elyvilon
Fedhas
Gozag
Hepliaklqana
Kikubaaqudgha
Makhleb
Nemelex Xobeh
Okawaru
Qazlal
Ru
Sif Muna
Trog
Uskayaw
Vehumet
Wu Jian
Xom
Yredelemnul
Zin
The Shining One

Shops:
D:10 *   Orc:1 :   Orc:2 *:(   Snake:1 ==


Innate Abilities, Weirdness & Mutations

You have a pair of horns on your head.
You reflexively headbutt those who attack you in melee.


Message History

You partially resist.
You shoot a bolt. The bolt misses the shock serpent.
You feel very sick.
The shock serpent shoots out a bolt of lightning at you!
The bolt of electricity hits you!
The nagaraja hits you from afar with a +0 halberd!
* * * LOW HITPOINT WARNING * * *
The shock serpent bites you but does no damage.
The nagaraja gestures at you while chanting.
You barely resist.
You feel sick. The shock serpent barely misses you.
The nagaraja gestures at you while chanting.
The bolt of poison hits you!
You are more poisoned.
You resist.
* * * LOW HITPOINT WARNING * * *
The shock serpent misses you.
There is a stone staircase leading up, spattered with blood here.
You feel very sick. The shock serpent bites you.
* * * LOW HITPOINT WARNING * * *
The shock serpent shocks you!
* * * LOW HITPOINT WARNING * * *
The nagaraja gestures at you while chanting.
The poison arrow hits you.
You are more poisoned.
* * * LOW HITPOINT WARNING * * *
You climb upwards.
You feel extremely sick.
There is a stone staircase leading down, spattered with blood here.
a - a +5 heavy battleaxe (weapon)
You feel very sick.
The shock serpent bites you but does no damage.
You gain the combat prowess of a mighty hero.
You feel very sick. The shock serpent barely misses you.
You barely miss the shock serpent.
You feel very sick. The shock serpent closely misses you.
The shock serpent bites you.
* * * LOW HITPOINT WARNING * * *
The shock serpent shocks you!
* * * LOW HITPOINT WARNING * * *
Unknown command.
Unknown command.
You feel better.
The shock serpent shoots out a bolt of lightning at you!
The bolt of electricity hits you!
* * * LOW HITPOINT WARNING * * *
The bolt of electricity hits you!
You die...

.....####...........#.##.#####...
........#.)))............# #...
#..........))..#...#.##### #...
#.###...##)..###.....###### #...
#...#....)...# #..<.......## ####
#.......)##### ##.#.#...#..###
.....##.#...# #.#.#...#...[####
.....##.#...# ##.#.#####.....รท.#
...###..#...####@[.....##.##.##.#
................S).....##.##.##..
...###.##......##.##..........###
...###.##.#####..............##
.......##.# #......(.......##
..<..####.# #...............#
...#......## ###.#######....[#
....#......## #...# #.....#
##...>..##..## #...## ###...###


You could see a shock serpent.

Vanquished Creatures
  Jorgrun (D:14)
  2 nagarajas
  Louise (D:14)
  A minotaur (Gauntlet)
  An ettin (D:15)
  A fire dragon (Lair:5)
  An entropy weaver (shapeshifter) (D:14)
  2 hydras (D:13)
  Erolcha (D:11)
  3 centaur warriors
  6 naga warriors
  4 anacondas
  3 boulder beetles
  4 two-headed ogres
  A death knight (D:14)
  10 death yaks
  An occultist (D:15)
  2 tengu warriors (D:15)
  3 shock serpents
  2 naga sharpshooters
  Sonja (D:11)
  A salamander mystic (Snake:2)
  A fire crab (Gauntlet)
  2 lindwurms (Lair:5)
  An arcanist (D:15)
  A phantasmal warrior (D:14)
  2 naga ritualists (Snake:2)
  Pikel (D:6)
  A necromancer (D:13)
  4 orc knights
  7 deep elf pyromancers
  3 deep elf zephyrmancers
  6 mana vipers
  30 ugly things
  An orc sorcerer (Orc:1)
  A wolf spider (Lair:5)
  3 manticores
  4 cyclopes
  Maurice (D:7)
  6 salamanders (Snake:2)
  4 kobold blastminers (Orc:2)
  2 guardian serpents
  3 meliai
  27 black mambas
  16 elephants
  9 naga magi
  A gargoyle (D:7)
  5 torpor snails (Lair:5)
  Maggie (D:7)
  Jeremiah (D:7)
  An unseen horror (D:12)
  2 large abominations (Gauntlet)
  A freezing wraith (D:14)
  A rime drake (shapeshifter) (D:13)
  2 komodo dragons
  17 cane toads
  A kobold demonologist (D:10)
  An efreet (Gauntlet)
  5 rime drakes
  4 tengu conjurers (D:15)
  10 trolls
  A queen bee (Lair:1)
  2 wolf spider simulacra
  14 hornets
  2 polar bears
  25 blink frogs
  3 tyrant leeches (Lair:5)
  8 slime creatures
  A shadow (D:12)
  3 wraiths
  An air elemental (Orc:2)
  A spriggan (Lair:2)
  5 small abominations (Gauntlet)
  25 wyverns
  3 vampires
  2 centaur simulacra
  80 yaks
  3 basilisks
  4 fire bats (Gauntlet)
  3 fire elementals (Gauntlet)
  A warg (D:12)
  A redback (Lair:5)
  2 vampire mosquitoes (D:12)
  An acid dragon (D:12)
  15 nagas
  24 water moccasins
  3 hell hounds (Gauntlet)
  Duvessa (D:6)
  2 black bears
  A meliai simulacrum (D:8)
  42 orc warriors
  An ice beast (shapeshifter) (D:14)
  2 ice beasts (D:8)
  2 sky beasts
  6 ogres
  28 wolves
  23 centaurs
  2 lemures (D:6)
  3 phantoms
  2 kobold brigands
  11 bullfrogs
  A gnoll sergeant (D:12)
  3 scorpions
  17 wights
  Dowan (D:6)
  33 killer bees
  3 howler monkeys
  An electric eel (Lair:2)
  3 bombardier beetles (D:5)
  A jelly (D:6)
  3 hounds
  19 orc priests
  2 gnoll boudas
  Terence (D:2)
  Jessica (D:2)
  3 iguanas
  A sleepcap (D:5)
  2 hell rats (Lair:5)
  22 orc wizards
  8 mummies (Ossuary)
  16 gnolls
  10 river rats (Lair:5)
  8 adders
  2 worms
  A dart slug (D:2)
  89 orcs
  6 ball pythons
  6 bats
  3 endoplasms
  2 gnoll zombies (Ossuary)
  7 goblins
  2 hobgoblins
  4 quokkas
  2 frilled lizards (D:1)
  2 hobgoblin zombies (Ossuary)
  16 kobolds
  A kobold zombie (Ossuary)
  3 orc zombies (Ossuary)
  7 rats
912 creatures vanquished.

Notes
Turn   | Place    | Note
-------+----------+-------------------------------------------
     0 | D:1      | Pooter the Minotaur Monk began the quest for the Orb.
     0 | D:1      | Reached XP level 1. HP: 19/19 MP: 0/0
    86 | D:1      | Reached skill level 4 in Axes
   154 | D:1      | Reached XP level 2. HP: 27/27 MP: 1/1
   331 | D:1      | Found a faded altar of an unknown god.
  1044 | D:2      | Noticed Terence
  1071 | D:2      | Killed Terence
  1072 | D:2      | Reached XP level 3. HP: 11/33 MP: 2/2
  1262 | D:2      | Reached skill level 5 in Axes
  1381 | D:2      | Noticed Jessica
  1386 | D:2      | Killed Jessica
  1387 | D:2      | Reached XP level 4. HP: 41/41 MP: 3/3
  1688 | D:3      | Reached skill level 1 in Polearms
  1688 | D:3      | Reached skill level 1 in Necromancy
  1933 | D:3      | Found a broken altar of Ashenzari.
  2101 | D:3      | Reached XP level 5. HP: 44/47 MP: 4/4
  2279 | D:3      | Found a basalt altar of Yredelemnul.
  2805 | D:4      | Found a sand-covered staircase.
  2810 | Ossuary  | Entered an ossuary
  2852 | Ossuary  | Reached skill level 6 in Axes
  2854 | Ossuary  | Reached skill level 5 in Fighting
  3350 | D:4      | Found a hazy altar of Hepliaklqana.
  3351 | D:4      | Found a stormy altar of Qazlal.
  3385 | D:4      | Noticed a phantom
  3393 | D:4      | Killed a phantom
  3394 | D:4      | Reached XP level 6. HP: 51/56 MP: 5/5
  3573 | D:4      | Reached skill level 7 in Axes
  3952 | D:5      | Entered Level 5 of the Dungeon
  3973 | D:5      | Reached skill level 1 in Ranged Weapons
  4223 | D:5      | Found a shimmering blue altar of Sif Muna.
  4425 | D:5      | Noticed a water moccasin
  4435 | D:5      | Killed a water moccasin
  4436 | D:5      | Reached XP level 7. HP: 49/63 MP: 6/6
  4633 | D:5      | Reached skill level 8 in Axes
  5037 | D:5      | Found a snail-covered altar of Cheibriados.
  5164 | D:5      | Found a sparkling altar of Nemelex Xobeh.
  5243 | D:6      | Reached skill level 9 in Axes
  5243 | D:6      | Reached XP level 8. HP: 71/71 MP: 7/7
  5488 | D:6      | Found a staircase to the Ecumenical Temple.
  5488 | D:6      | Noticed Pikel
  5492 | D:6      | Noticed Duvessa
  5498 | D:6      | Noticed Dowan
  5501 | D:6      | Killed Pikel
  5502 | D:6      | Reached skill level 10 in Axes
  5511 | D:6      | Killed Duvessa
  5517 | D:6      | Killed Dowan
  5768 | Temple   | Entered the Ecumenical Temple
  5840 | Temple   | Became a worshipper of Warmaster Okawaru
  5840 | Temple   | Reached * piety under Okawaru
  5840 | Temple   | Reached ** piety under Okawaru
  6070 | D:6      | Reached skill level 5 in Ranged Weapons
  6342 | D:7      | Reached XP level 9. HP: 81/81 MP: 8/8
  6385 | D:7      | Reached skill level 11 in Axes
  6537 | D:7      | Noticed Maggie
  6656 | D:7      | Noticed a gargoyle
  6945 | D:7      | Killed a gargoyle
  6946 | D:7      | Reached skill level 12 in Axes
  7186 | D:7      | Killed Maggie
  7288 | D:7      | Noticed Maurice
  7344 | D:7      | Noticed Jeremiah
  7382 | D:7      | Killed Jeremiah
  7383 | D:7      | Reached XP level 10. HP: 75/91 MP: 9/9
  7453 | D:7      | Killed Maurice
  7453 | D:7      | Reached *** piety under Okawaru
  7454 | D:7      | Reached skill level 13 in Axes
  8061 | D:8      | Found a transporter.
  8373 | D:8      | Found a transporter.
  8384 | D:8      | Reached skill level 10 in Fighting
  9804 | D:9      | Reached skill level 14 in Axes
 10157 | D:9      | Reached skill level 1 in Invocations
 10427 | D:10     | Entered Level 10 of the Dungeon
 11726 | D:10     | Reached XP level 11. HP: 96/98 MP: 8/11
 11756 | D:10     | Found a glowing silver altar of Zin.
 12110 | D:10     | Found Yczux's Assorted Antiques.
 12113 | D:10     | Bought a notched iron ring for 125 gold pieces
 12113 | D:10     | Bought a fizzy yellow potion for 22 gold pieces
 12113 | D:10     | Bought a scroll of fog for 100 gold pieces
 12113 | D:10     | Bought a scroll of enchant weapon for 187 gold pieces
 12743 | D:11     | Noticed a two-headed ogre
 12750 | D:11     | Killed a two-headed ogre
 12779 | D:11     | Reached skill level 15 in Axes
 12820 | D:11     | Upgraded the game from 0.31-a0-1447-g87ca8d402b to
                  | 0.31-a0-1469-gd420192249
 13095 | D:11     | Reached **** piety under Okawaru
 13097 | D:11     | Reached skill level 10 in Ranged Weapons
 13493 | D:11     | Found a staircase to the Lair.
 13589 | D:11     | Noticed Sonja
 13641 | D:10     | Noticed a soul eater
 13657 | D:11     | Killed Sonja
 13830 | D:11     | Reached ***** piety under Okawaru
 13960 | D:11     | Noticed Erolcha
 13965 | D:11     | Killed Erolcha
 14316 | Lair:1   | Entered Level 1 of the Lair of Beasts
 14325 | Lair:1   | Reached XP level 12. HP: 96/111 MP: 14/14
 14330 | Lair:1   | Reached skill level 16 in Axes
 14455 | Lair:1   | Received a gift from Okawaru
 14567 | Lair:1   | Reached skill level 5 in Invocations
 14635 | Lair:1   | Found a glowing silver altar of Zin.
 15155 | Lair:2   | Received a gift from Okawaru
 15180 | Lair:2   | Reached skill level 17 in Axes
 15317 | Lair:2   | Found a staircase to the Snake Pit.
 15871 | Lair:2   | Found a staircase to the Shoals.
 16750 | Lair:3   | Found a shimmering altar of Xom.
 16812 | Lair:3   | Reached XP level 13. HP: 113/119 MP: 16/16
 16845 | Lair:2   | Reached skill level 1 in Evocations
 16950 | Lair:3   | Received a gift from Okawaru
 16965 | Lair:3   | Found a gate leading to a gauntlet.
 16975 | Gauntlet | Entered a Gauntlet
 16975 | Gauntlet | Found a transporter.
 16975 | Gauntlet | Found a transporter.
 16985 | Gauntlet | Found a transporter.
 16985 | Gauntlet | Found a transporter.
 16996 | Gauntlet | Found a transporter.
 16996 | Gauntlet | Found a transporter.
 17015 | Gauntlet | Found a transporter.
 17015 | Gauntlet | Found a transporter.
 17052 | Gauntlet | Found a runed translucent door.
 17052 | Gauntlet | Found a runed translucent door.
 17058 | Gauntlet | Found a transporter.
 17112 | Gauntlet | Found a transporter.
 17224 | Gauntlet | Noticed a minotaur
 17234 | Gauntlet | Killed a minotaur
 17239 | Gauntlet | Identified the +0 leather armour of Pride {Will+ Str+2
                  | Stlth+}
 17240 | Gauntlet | Got Uttoifafau's Essays on Damage
 17243 | Gauntlet | Identified the +0 cloak of Sahaw {rF- Int+2 Dex+3}
 17404 | Lair:3   | Reached skill level 18 in Axes
 18368 | Lair:4   | Received a gift from Okawaru
 18834 | Lair:5   | Entered Level 5 of the Lair of Beasts
 19003 | Lair:5   | Reached XP level 14. HP: 127/129 MP: 18/18
 19053 | Lair:4   | Received a gift from Okawaru
 19208 | Lair:4   | Paralysed by a hornet for 1 turns
 19899 | Lair:5   | Received a gift from Okawaru
 20053 | Lair:5   | Reached skill level 19 in Axes
 20142 | Lair:5   | Reached ****** piety under Okawaru
 20143 | Lair:5   | Acquired a +2 longbow of draining
 20143 | Lair:5   | Received a gift from Okawaru
 20146 | Lair:5   | Acquired the -2 cloak of Macaroni {Str-2 Int+7 Dex-5 Slay+6
                  | Stlth+}
 20146 | Lair:5   | Received a gift from Okawaru
 20432 | Lair:5   | Reached skill level 15 in Ranged Weapons
 21364 | Lair:5   | Received a gift from Okawaru
 25222 | Lair:5   | Found a staircase to the Slime Pits.
 28039 | D:12     | Received a gift from Okawaru
 28098 | D:12     | Found a staircase to the Orcish Mines.
 28139 | D:12     | Reached XP level 15. HP: 139/139 MP: 20/20
 28861 | Orc:1    | Entered Level 1 of the Orcish Mines
 29281 | Orc:2    | Entered Level 2 of the Orcish Mines
 29496 | Orc:1    | Found Untu's Book Emporium.
 29636 | Orc:2    | Reached skill level 15 in Fighting
 31569 | Orc:2    | Found a staircase to the Elven Halls.
 33373 | Orc:2    | Found Leicwoz's Book Shop.
 33375 | Orc:2    | Found Joegijet's Antique Weapon Emporium.
 33377 | Orc:2    | Found Lunauz's Assorted Antiques.
 33383 | Orc:2    | Bought 2 coppery potions for 54 gold pieces
 33383 | Orc:2    | Bought a potion of enlightenment for 150 gold pieces
 33383 | Orc:2    | Bought a scroll of enchant weapon for 225 gold pieces
 33383 | Orc:2    | Bought a scroll of blinking for 225 gold pieces
 33383 | Orc:2    | Bought 2 potions of might for 240 gold pieces
 33431 | Orc:2    | Bought a bone arbalest for 294 gold pieces
 33431 | Orc:2    | Identified the +8 arbalest of Currency {penet, Str+6 Int+3}
                  | (You bought it in a shop on level 2 of the Orcish Mines)
 33913 | D:13     | Reached skill level 1 in Armour
 34377 | D:13     | Found a gate to the Vaults.
 36466 | D:13     | Reached skill level 5 in Evocations
 36507 | D:13     | Received a gift from Okawaru
 37589 | D:14     | Found a glowing silver altar of Zin.
 37589 | D:14     | Found a glowing golden altar of the Shining One.
 37589 | D:14     | Found a white marble altar of Elyvilon.
 37774 | D:14     | Reached skill level 5 in Armour
 38560 | D:14     | Noticed Jorgrun
 38572 | D:14     | Killed Jorgrun
 39793 | D:14     | Noticed Louise
 39804 | D:14     | Killed Louise
 39944 | D:15     | Entered Level 15 of the Dungeon
 40371 | D:15     | Reached XP level 16. HP: 151/151 MP: 21/21
 40425 | D:15     | Reached skill level 1 in Throwing
 41179 | D:15     | Found a staircase to the Depths.
 42223 | Elf:1    | Entered Level 1 of the Elven Halls
 42229 | Elf:1    | Received a gift from Okawaru
 42235 | Elf:1    | Paralysed by an air elemental for 1 turns
 42538 | Snake:1  | Entered Level 1 of the Snake Pit
 45128 | Snake:1  | You fall into a shaft and drop 1 floor!
 45421 | Snake:1  | Found Sodoizao's Jewellery Shop.
 45425 | Snake:1  | Found Bifuroxa's Jewellery Boutique.
 45431 | Snake:1  | Bought a ring of poison resistance for 380 gold pieces
 46316 | Snake:2  | Identified the +1 sling of Fate {freeze, rElec Str-5 Dex+3}
 46560 | Snake:2  | Found a broken altar of Ashenzari.
 46639 | Snake:2  | Reached skill level 10 in Armour
 46782 | Snake:2  | Received a gift from Okawaru
 46905 | Snake:2  | Identified the +4 scale mail of Shielding {Int+3 Dex+2}
 47369 | Snake:2  | HP: 4/154 [shock serpent (13)]
 47370 | Snake:2  | Killed from afar by a shock serpent

Illustrated notes

Levels and vault maps discovered:
D:1:      orjb1_clovarrival, layout_loops_ring, shapermc_ecumenical_altar_ellora
D:2:      layout_basic, uniq_terence, uniq_jessica
D:3:      layout_loops_corners, lemuel_round_altar, cheibrodos_ashenzari_chains,
          dreamdust_wishing_well, st_stairs_10, minmay_cupped
D:4:      layout_gridville, mainiacjoe_overflow_divided_tiny, enter_ossuary_2
D:5:      layout_loops_ring, mainiacjoe_overflow_brackets,
          mainiacjoe_overflow_tiny_flanked, lemuel_doored_altar
D:6:      layout_loops_ring, minmay_temple_entry_statues_pillars, ldierk_geyser,
          uniq_duvessa, uniq_pikel
D:7:      layout_basic, nrook_mini_backslash,
          nicolae_concentric_dashed_squares_wild, serial_bayou_pond_e,
          uniq_jeremiah, uniq_maggie, uniq_maurice
D:8:      gammafunk_cloud_chamber, layout_basic
D:9:      layout_basic
D:10:     layout_layer_cave, mainiacjoe_overflow_small_starburst, serial_shops,
          nicolae_shop_behind_doors
D:11:     layout_roguey, erik_lair_orcish_takeover, serial_rivers,
          chequers_serial_rivers_room_a, chequers_serial_rivers_large_a,
          chequers_serial_rivers_small_3, chequers_serial_rivers_small_3,
          uniq_erolcha, uniq_sonja
D:12:     layout_irregular_city, erik_orc_4
D:13:     layout_roguey, david_vaults_1
D:14:     layout_loops_ring, good_gods_mini_temple, uniq_jorgrun, uniq_louise
D:15:     hangedman_depths_entry_civil_slaughter, layout_stronghold, hex_tiny
Temple:   dpeg_chambers_temple
Lair:1:   layout_cave_shapes, special_room [special_room_bee], basic_altar
Lair:2:   layout_roguey, minmay_shoals_entry_centaurs,
          guppyfry_snake_entry_garden, grunt_forest_stairs_clearing,
          serial_bayou_shore_a
Lair:3:   layout_small_grid, gauntlet_entry_generic, basic_altar,
          grunt_megastairs_2
Lair:4:   layout_long_grid, grunt_megastairs_4
Lair:5:   wormcave, layout_loops_ring, hangedman_lair_tendril_chambers,
          slime_entry_1, kennysheep_rathole
Snake:1:  layout_layer_cave, nicolae_snake_shapes, lemuel_fruit_tree,
          minmay_shoptagon, nicolae_triple_integral
Snake:2:  layout_misc_corridors, basic_altar
Snake:3:  nicolae_snake_crotalidae_crossing, layout_cave_pods,
          minmay_shop_grid_forest, uniq_vashnia
Orc:1:    layout_diamond_mine, serial_shops, shop
Orc:2:    st_orc_rangers, layout_diamond_mine, nicolae_volcano_entry_lava_flow,
          statue_in_the_mist_lemuel
Elf:1:    minmay_elf_arrival_plus, layout_geoelf_grid, serial_shops,
          nicolae_shop_tiny_waterfront, nicolae_diamond_shop, shop, shop,
          nicolae_elf_shapeshifter_party, st_stairs_1, minivault_8

Skill      XL: |  1  2  3  4  5  6  7  8  9 10 11 12 13 14 15 16 |
---------------+-------------------------------------------------+-----
Axes           | 4 5 6 7 9 10 12 14 15 17 18 19 | 19.9
Fighting       | 4 5 6 8 9 10 11 12 13 14 16 | 16.8
Polearms       | 1 |  1.2
Necromancy     | 1 |  1.1
Ranged Weapons | 2 3 5 6 8 10 12 14 15 17 | 17.9
Invocations    | 1 4 6 7 8 |  8.1
Evocations     | 3 4 6 7 |  7.3
Armour         | 7 10 | 10.6
Throwing       | 4 |  4.5
Dodging        | |  3.2

Action                     |  1- 3 |  4- 6 |  7- 9 | 10-12 | 13-15 | 16-18 || total
---------------------------+-------+-------+-------+-------+-------+-------++-------
  Melee: Hand axe          |    34 |    93 |    17 |       |       |       ||   144
         Headbutt          |    16 |    29 |    32 |    71 |   105 |    15 ||   268
         Spear             |    28 |    32 |       |       |       |       ||    60
         War axe           |       |       |   105 |    84 |       |       ||   189
         Battleaxe         |       |       |       |   303 |   578 |    99 ||   980
         Eveningstar       |       |       |       |       |     1 |       ||     1
   Fire: Sling             |       |    18 |    43 |    12 |       |       ||    73
         Orcbow            |       |       |       |   135 |    44 |       ||   179
         Longbow           |       |       |       |       |   345 |       ||   345
         Arbalest          |       |       |       |       |   124 |   219 ||   343
  Throw: Dart              |     2 |    19 |     3 |       |       |       ||    24
         Boomerang         |       |    15 |     8 |    22 |    38 |     1 ||    84
         Javelin           |       |       |       |     2 |       |       ||     2
 Invoke: Heroism           |       |       |     7 |    28 |    22 |     7 ||    64
         Receive Weapon    |       |       |       |       |     1 |       ||     1
         Receive Armour    |       |       |       |       |     1 |       ||     1
         Finesse           |       |       |       |       |       |     2 ||     2
  Evoke: Wand              |       |       |       |     9 |    11 |       ||    20
    Use: Scroll            |     3 |     9 |    11 |    18 |     9 |     1 ||    51
         Potion            |       |     2 |       |     3 |     6 |     1 ||    12
   Stab: Paralysed         |       |       |       |     2 |       |       ||     2
         Invisible         |       |       |       |       |     1 |       ||     1
 Armour: Robe              |    22 |       |       |       |       |       ||    22
         Chain mail        |     1 |    93 |   123 |   446 |   907 |   251 ||  1821
         Skin              |       |       |       |    68 |       |       ||    68
  Dodge: Dodged            |    30 |    43 |    71 |   242 |   369 |   123 ||   878

Table legend: (Time is in decaauts)
 A = Elapsed time spent in this place.
 B = Non-inter-level travel time spent in this place.
 C = Inter-level travel time spent in this place.
 D = Time resting spent in this place.
 E = Time spent auto-exploring this place.
 F = Levels seen in this place.
 G = Mean time per level.
                   A        B        C        D        E       F      G
               +--------+--------+--------+--------+--------+-----+--------+
         Total |  47715 |  46468 |   1247 |  25150 |  15349 |  29 | 1645.3 |
       Dungeon |  23352 |  22735 |    617 |  10163 |   9648 |  15 | 1556.8 |
        Temple |     93 |     73 |     20 |     13 |      0 |   1 |   93.0 |
          Lair |  13586 |  13250 |    336 |   8252 |   3287 |   5 | 2717.2 |
     Snake Pit |   4837 |   4795 |     42 |   2934 |   1438 |   3 | 1612.3 |
  Orcish Mines |   5151 |   4922 |    229 |   3441 |    917 |   2 | 2575.5 |
   Elven Halls |     13 |     13 |      0 |      0 |      0 |   1 |   13.0 |
       Ossuary |    409 |    409 |      0 |    198 |     59 |   1 |  409.0 |
      Gauntlet |    271 |    271 |      0 |    147 |      0 |   1 |  271.0 |
               +--------+--------+--------+--------+--------+-----+--------+

Top non-repeatable levels by time:
  Lair:5: 8790 daAuts
   Orc:2: 3963 daAuts
 Snake:1: 3296 daAuts
    D:14: 3233 daAuts
    D:13: 2854 daAuts
    D:10: 2381 daAuts
    D:15: 2193 daAuts
  Lair:2: 1792 daAuts
     D:8: 1716 daAuts
    D:11: 1599 daAuts
 Snake:2: 1507 daAuts
     D:7: 1304 daAuts
     D:5: 1301 daAuts
   Orc:1: 1188 daAuts
  Lair:4: 1170 daAuts
